 Dungeon Crawl Stone Soup version 0.18.1-48-g4cf74bf (webtiles) character file.

285 tyranidshit the Grave Robber (level 6, -1/57 HPs)
             Began as a Deep Dwarf Necromancer on July 11, 2016.
             Killed by divine providence
             ... invoked by an orc priest
              (14 damage)
             ... on level 4 of the Dungeon.
             The game lasted 00:14:33 (2124 turns).

tyranidshit the Grave Robber (DDNe)                 Turns: 2124, Time: 00:14:34

Health: -1/57      AC:  4    Str: 12    XL:     6   Next: 7%
Magic:  8/11       EV: 12    Int: 17    God:
Gold:   135        SH:  4    Dex: 13    Spells: 2 memorised, 8 levels left

rFire  . . .     SeeInvis .     j - +0 war axe
rCold  . . .     Gourm    .     a - +0 robe
rNeg   . . .     Faith    .     (no shield)
rPois  .         Spirit   .     s - +1 helmet
rElec  .         Dismiss  .     (no cloak)
rCorr  .         Reflect  +     (no gloves)
SustAt .         Harm     .     (no boots)
MR     .....                    p - +4 amulet of reflection
Stlth  ++........               q - +3 ring of slaying
                                (no ring)

@: non-regenerating, not resistant to hostile enchantments, unstealthy
A: damage resistance, recharge devices, sense surroundings 1, slow regeneration
3
a: Device Recharging


You were on level 4 of the Dungeon.
You were not hungry.

You visited 1 branch of the dungeon, and saw 4 of its levels.

You collected 135 gold pieces.

Inventory:

Hand Weapons
 j - a +0 war axe (weapon)
Missiles
 l - 31 poisoned needles
Armour
 a - a +0 robe (worn)
 h - a cursed +0 scale mail
 s - a +1 helmet (worn)
Jewellery
 n - an uncursed ring of teleportation
 p - a +4 amulet of reflection (around neck)
 q - a +3 ring of slaying (right hand)
Wands
 c - a wand of heal wounds (0/9)
 r - a wand of flame (11/48)
Scrolls
 g - a scroll of fear
 m - 3 scrolls of teleportation
Potions
 e - 2 potions of mutation {unknown}
 o - a potion of curing
Books
 b - a book of Necromancy

   Spells                             Type                      Level
   a - Pain                           Necromancy                   1
   b - Animate Skeleton               Necromancy                   1
   c - Vampiric Draining              Necromancy                   3
   d - Regeneration                   Charms/Necromancy            3
   e - Animate Dead                   Necromancy                   4
   f - Control Undead                 Necromancy                   4
Comestibles
 d - 3 bread rations
 f - 5 fruits
 i - 3 meat rations


   Skills:
 + Level 3.8 Fighting
 - Level 2.1 Dodging
 - Level 2.4 Stealth
 + Level 3.9 Spellcasting
 - Level 4.3 Necromancy


You had 8 spell levels left.
You knew the following spells:

 Your Spells              Type           Power        Failure   Level  Hunger
a - Pain                  Necr           ###.         2%          1    None
b - Vampiric Draining     Necr           ###.......   10%         3    ###....


Dungeon Overview and Level Annotations

Branches:
Dungeon (4/15)
 Temple: D:4-7

Altars:
Dithmenos
Okawaru
Zin


Innate Abilities, Weirdness & Mutations

You are resistant to damage.
You can recharge devices by infusing magical energy.
You passively map a small area around you.
You do not regenerate naturally.


Message History

Increase (S)trength, (I)ntelligence, or (D)exterity?
You feel clever.
The orc throws a tomahawk.
The tomahawk closely misses you. The giant gecko bites you.
* * * LOW HITPOINT WARNING * * *
You closely miss the giant gecko. The giant gecko closely misses you.
You miss the giant gecko. The giant gecko barely misses you. x2
The orc priest casts a cantrip, but nothing happens.
You closely miss the giant gecko. You block the giant gecko's attack.
The giant gecko closely misses you.
You closely miss the giant gecko. The giant gecko barely misses you.
The giant gecko bites you.
* * * LOW HITPOINT WARNING * * *
You barely miss the giant gecko.
The giant gecko bites you but does no damage.
The giant gecko bites you.
* * * LOW HITPOINT WARNING * * *
The orc priest calls down the wrath of Beogh upon you.
Beogh smites you!
You die...

, , * #.#...#######.#
,#.#.##..# #.# ,
,#+#.#.#..>#######.###
,
,,.....###.#.........#
* ,
,....#...........#.# ,
..o#.#.#.#.....#.# , ,
oo#.#.#.#..##.#.# *,
#l#.#.#.#..##.#.#
#@#.#.#.#.....#.#
#.#.#.#.#..####.## ,
,#.#.#.#...........
*>#...#.#########(## *
,#####...........# *,
* ############# * , ,
* * * * * , , *


You could see an orc priest, 2 orcs and a giant gecko.

Vanquished Creatures
  A jelly (D:3)
  An orc priest (D:4)
  An orc wizard (D:4)
  Terence (D:2)
  A hound skeleton (D:4)
  Robin (D:3)
  7 adders
  2 worms (D:3)
  3 giant geckos
  2 orcs (D:3)
  A giant cockroach (D:1)
  11 goblins
  17 hobgoblins
  4 jackals (D:3)
  8 bats
  2 giant newts
  9 kobolds
  9 rats
81 creatures vanquished.

Notes
Turn   | Place    | Note
--------------------------------------------------------------
     0 | D:1      | tyranidshit the Deep Dwarf Necromancer began the quest for the Orb.
     0 | D:1      | Reached XP level 1. HP: 15/15 MP: 3/3
   220 | D:1      | Reached skill level 1 in Fighting
   220 | D:1      | Reached XP level 2. HP: 20/25 MP: 0/5
   648 | D:2      | Noticed Terence
   681 | D:2      | Killed Terence
   681 | D:2      | Reached XP level 3. HP: 29/32 MP: 0/6
   726 | D:2      | Reached XP level 4. HP: 23/40 MP: 0/8
   733 | D:2      | Found an iron altar of Okawaru.
   816 | D:2      | Learned a level 3 spell: Vampiric Draining
  1391 | D:3      | Found a shadowy altar of Dithmenos.
  1392 | D:3      | Noticed Robin
  1438 | D:3      | Killed Robin
  1448 | D:3      | Reached XP level 5. HP: 16/49 MP: 0/9
  1484 | D:3      | Found a glowing silver altar of Zin.
  2119 | D:4      | Reached XP level 6. HP: 19/57 MP: 7/11
  2124 | D:4      | Killed from afar by an orc priest

Skill      XL: |  1  2  3  4 |
---------------+-------------+-----
Spellcasting   | 2 3 |  3.9
Fighting       | 1 2 3 |  3.8
Dodging        | |  2.1
Stealth        | |  2.4
Necromancy     | |  4.3

Action                   |  1- 3 |  4- 6 || total
-------------------------+-------+-------++-------
Melee: Unarmed           |     9 |       ||     9
       Club              |     8 |       ||     8
       Short sword       |    17 |       ||    17
       Mace              |    16 |    47 ||    63
       War axe           |       |    44 ||    44
 Cast: Pain              |    41 |    16 ||    57
       Vampiric Draining |       |    22 ||    22
Evoke: Wand              |     4 |     4 ||     8
  Use: Potion            |     2 |     1 ||     3
       Scroll            |     4 |     7 ||    11
 Stab: Sleeping          |       |     1 ||     1
  Eat: Bread ration      |       |     2 ||     2
Armor: Robe              |    40 |    21 ||    61
Dodge: Dodged            |   136 |   108 ||   244
Block: Other             |       |    18 ||    18
